 Dungeon Crawl Stone Soup version 0.28.0-45-g0d030f2227 (webtiles) character file.

Game seed: 14042813946589431129

51 sking99 the Stinger (level 4, 0/25 HPs)
             Began as a Kobold Venom Mage on May 20, 2022.
             Slain by a rat (1 damage)
             ... on level 2 of the Dungeon.
             The game lasted 00:02:53 (1709 turns).

sking99 the Stinger (Kobold Venom Mage)             Turns: 1709, Time: 00:02:54

Health: 0/25       AC:  2    Str:  7    XL:     4   Next: 5%
Magic:  0/7        EV: 12    Int: 16    God:
Gold:   78         SH:  0    Dex: 15    Spells: 5/8 levels left

rFire   . . .      SeeInvis .   (weapon restricted)
rCold   . . .      Faith    .   (no shield)
rNeg    . . .      Spirit   .   a - +0 robe
rPois   .          Reflect  .   (no helmet)
rElec   .          Harm     .   (no cloak)
rCorr   .          Rampage  .   (no gloves)
Will    .....                   (no boots)
Stlth   +++.......              (no amulet)
HPRegen 0.08/turn               (no ring)
MPRegen 0.10/turn               (no ring)

@: attractive, very slightly contaminated, constricted
A: small, no large weapons, nightstalker 3
a: no special abilities


You were on level 2 of the Dungeon.
You visited 1 branch of the dungeon, and saw 2 of its levels.

You collected 78 gold pieces.

Inventory:

Armour
 a - a +0 robe (worn)
 b - a +0 leather armour
Jewellery
 c - a +4 ring of protection
Scrolls
 d - 2 scrolls of immolation {unknown}
 e - a scroll of holy word {unknown}
 g - a scroll of silence {unknown}
 j - a scroll of enchant weapon {unknown}
 k - 2 scrolls of identify {unknown}
 m - a scroll of enchant armour {unknown}
Potions
 f - 2 potions of degeneration {unknown}
 h - a potion of attraction
 i - a potion of lignification {unknown}
 l - a potion of might {unknown}


   Skills:
 + Level 1.4 Fighting
 - Level 2.4 Dodging
 - Level 2.6 Stealth
 - Level 2.5 Spellcasting
 + Level 1.7 Transmutations
 + Level 0.1 Air Magic
 * Level 3.7 Poison Magic


You had 5 spell levels left.
You knew the following spells:

 Your Spells              Type           Power      Damage    Failure   Level
a - Sting                 Tmut/Pois      40%        1d5       6%          1
b - Poisonous Vapours     Pois/Air       16%        N/A       13%         2

Your spell library contained the following spells:

 Spells                   Type           Power      Damage    Failure   Level
 Mephitic Cloud           Conj/Pois/Air  6%         N/A       34%         3
 Olgreb's Toxic Radiance  Pois           14%        N/A       38%         4


Dungeon Overview and Level Annotations

Branches:
Dungeon (2/15)

Altars:


Innate Abilities, Weirdness & Mutations

You are small and have problems with some larger weapons.
You are completely attuned to the shadows.


Message History

You are poisoned.
The adder poisons you!
The rat twitches its whiskers.
The rat closely misses you. The ball python closely misses you.
The ball python constricts you.
Casting: Poisonous Vapours (safe; 13% risk of failure)
Confirm with . or Enter, or press ? or * to list all spells.
Aiming: Sting (safe; 6% risk of failure)
Press: ? - help, Shift-Dir - straight line, f/p - adder
Aim: an adder (lightly wounded, very poisoned, 53% to hit)
The sting hits the adder.
The adder looks even sicker.
The adder is moderately wounded.
You feel sick. The adder bites you. The rat bites you.
The ball python barely misses you. The ball python constricts you.
The adder barely misses you.
Casting: Sting (safe; 6% risk of failure)
Confirm with . or Enter, or press ? or * to list all spells.
Aiming: Poisonous Vapours (safe; 13% risk of failure)
Press: ? - help, Dir - move target, f/p - adder
Aim: an adder (moderately wounded, very poisoned)
You miscast Poisonous Vapours.
You are very lightly contaminated with residual magic.
Nothing appears to happen.
You feel sick. The rat bites you.
The ball python bites you but does no damage.
The ball python constricts you. The adder barely misses you.
You closely miss the ball python.
You punch the ball python, but do no damage.
You feel sick. The ball python closely misses you.
The ball python constricts you.
* * * LOW HITPOINT WARNING * * *
The rat bites you but does no damage. The adder bites you.
* * * LOW HITPOINT WARNING * * *
It was a potion of attraction.
You feel attractive to monsters.
* * * LOW HITPOINT WARNING * * *
You feel sick.
You are no longer poisoned.
The ball python barely misses you. The ball python constricts you.
The adder bites you but does no damage. The rat bites you.
You die...

#..##
#.....###..#
#..###
##.....##..#
#..#.##
##..รท..#..##
#..#..##
##....#....
#..'...##
##...'.##.
#..#....####+#
##..#..#.
#..#.....#....
##.#....
#..##....#r.(.
###.##.
#..###.(.@Sg.$
#.##.
##..#S.$.
#.##. ##.#....
#.... #####+#
.... .### # #
.. #.#


You could see an adder (very poisoned), a goblin, a ball python and a rat.

Vanquished Creatures
  2 adders (D:2)
  A worm (D:2)
  2 endoplasms (D:2)
  A giant cockroach (D:1)
  5 goblins
  A jackal (D:2)
  2 kobolds (D:2)
  A quokka (D:1)
  5 ball pythons
  5 bats
  A frilled lizard (D:1)
  3 rats
29 creatures vanquished.

Notes
Turn   | Place    | Note
-------+----------+-------------------------------------------
     0 | D:1      | sking99 the Kobold Venom Mage began the quest for the Orb.
     0 | D:1      | Reached XP level 1. HP: 10/10 MP: 3/3
   263 | D:1      | Reached XP level 2. HP: 16/16 MP: 3/5
   350 | D:1      | Learned a level 2 spell: Poisonous Vapours
   887 | D:2      | Reached skill level 1 in Fighting
   887 | D:2      | Reached XP level 3. HP: 20/20 MP: 0/6
  1002 | D:2      | Found a faded altar of an unknown god.
  1626 | D:2      | Reached XP level 4. HP: 25/25 MP: 5/7
  1709 | D:2      | HP: 1/25 [poisoned by an adder]
  1709 | D:2      | Slain by a rat

Illustrated notes

Levels and vault maps discovered:
D:1:      ncdulo_watergridlock, layout_rooms, serial_park_tiny_2, minmay_tall_x
D:2:      layout_rooms, serial_glass, glass_columns_b, glass_columns_b,
          basic_ecumenical_altar, minmay_quadrilaterals

Skill      XL: |  1  2 |
---------------+-------+-----
Fighting       | 1 |  1.4
Dodging        | |  2.4
Stealth        | |  2.6
Spellcasting   | |  2.5
Transmutations | |  1.7
Air Magic      | |  0.1
Poison Magic   | |  3.7

Action                   |  1- 3 |  4- 6 || total
-------------------------+-------+-------++-------
Melee: Unarmed           |     2 |     1 ||     3
       Punch             |       |     1 ||     1
 Cast: Sting             |    52 |     4 ||    56
       Poisonous Vapours |       |     2 ||     2
  Use: Potion            |       |     1 ||     1
Armor: Robe              |     5 |     4 ||     9
Dodge: Dodged            |    11 |     9 ||    20
